Map: Zen LE

Players

antagomiR

  • Race: Protoss Protoss
  • League: Gold
  • Spawn Location: 7:00

Katastrophe - Winner!

  • Race: Zerg Zerg
  • League: Gold
  • Spawn Location: 1:00

VOD

Have the link to the VOD?

Description

Time

  • Played on: April 18, 2020, 2:31 a.m.
  • Length: 38:23
Show
View Real Time Build Order
Export as new Build Order

antagomiR Protoss 

Build Orders:  

Get SALT Encoding   

  12  0:01  Probe  
  13  0:13  Probe  
  14  0:20  Pylon  
  14  0:25  Probe  
  15  0:38  Probe  
  16  0:49  Gateway  
  16  0:50  Probe  
  17  1:03  Probe  
  18  1:11  Assimilator  
  18  1:14  Assimilator  
  18  1:15  Probe  
  19  1:27  Probe  
  20  1:38  Cybernetics Core  
  20  1:39  Probe  
  21  1:42  Pylon  
  21  1:51  Probe  
  22  2:08  Nexus  
  22  2:10  Probe  
  22  2:14  Warp Gate  
  23  2:23  Stalker  
  23  2:29  Probe  
  26  2:37  Pylon  
  26  2:49  Robotics Facility  
  26  2:52  Probe  
  27  3:01  Sentry  
  27  3:04  Probe  
  30  3:14  Gateway  
  30  3:16  Probe  
  31  3:20  Gateway  
  31  3:22  Probe  
  32  3:28  Sentry  
  34  3:37  Pylon  
  34  3:41  Observer  
  34  3:54  Adept  
  36  3:59  Probe x2  
  36  4:02  Observer  
  39  4:11  Probe x2  
  41  4:20  Stalker  
  41  4:21  Stalker  
  41  4:23  Probe, Immortal  
  50  4:26  Probe  
  51  4:35  Probe, Stalker  
  54  4:45  Probe  
  54  4:47  Probe  
  56  4:58  Probe  
  58  5:00  Probe  
  58  5:10  Probe, Stalker  
  61  5:18  Robotics Bay  
  61  5:21  Pylon  
  61  5:25  Pylon  
  61  5:26  Probe  
  62  5:33  Pylon  
  62  5:39  Probe x2  
  64  5:42  Nexus  
  64  5:47  Pylon  
  64  5:49  Pylon  
  64  5:51  Probe x2  
  64  5:56  Sentry  
  68  5:57  Zealot x2  
  68  6:02  Observer  
  68  6:03  Probe  
  73  6:11  Gateway  
  73  6:14  Gateway  
  73  6:17  Gateway  
  73  6:23  Forge, Immortal  
  77  6:25  Twilight Council  
  77  6:27  Probe x2  
  79  6:39  Probe x2  
  81  6:51  Probe x2, Stalker x2  
  87  6:58  Protoss Ground Weapons Level 1 (Chrono Boost)  
  87  7:03  Probe  
  86  7:17  Stalker x3  
  86  7:18  Stalker  
  94  7:33  Assimilator  
  94  7:38  Assimilator  
  94  7:39  Photon Cannon  
  94  7:47  Pylon  
  94  7:48  Probe  
  94  7:49  Probe x2, Photon Cannon  
  97  7:52  Assimilator  
  97  7:54  Assimilator  
  97  7:59  Photon Cannon  
  97  8:01  Probe x2, Photon Cannon  
  97  8:04  Photon Cannon  
  99  8:13  Photon Cannon  
  99  8:16  Stalker x5  
  99  8:17  Photon Cannon, Stalker  
  111  8:21  Probe x3  
  111  8:25  Pylon  
  114  8:33  Probe x3  
  117  8:40  Gateway  
  117  8:42  Gateway  
  117  8:44  Gateway  
  117  8:45  Probe  
  117  8:47  Photon Cannon  
  118  8:49  Colossus  
  118  8:55  Probe x2  
  126  8:57  Probe  
  127  9:15  Probe x3  
  130  9:26  Stalker  
  130  9:27  Probe  
  133  9:35  Pylon  
  133  9:39  Pylon  
  133  9:41  Photon Cannon  
  133  9:53  Probe x2, Observer  
  136  10:17  Probe x2  
  136  10:18  Probe  
  139  10:22  Stalker x5  
  149  10:30  Probe x2  
  149  10:31  Probe  
  111  10:44  Stalker x4  
  119  10:50  Probe x2  
  121  11:00  Shield Battery  
  121  11:03  Shield Battery  
  121  11:05  Pylon  
  121  11:10  Pylon  
  121  11:11  Pylon  
  121  11:19  Gateway  
  121  11:22  Colossus  
  127  11:27  Gateway  
  127  11:30  Gateway, Stalker x4  
  127  11:31  Stalker x3  
  127  11:32  Gateway  
  141  11:34  Gateway  
  141  11:36  Gateway x2  
  141  11:53  Nexus  
  141  11:55  Pylon, Sentry x2  
  141  11:56  Zealot x3  
  141  11:57  Zealot  
  141  11:58  Pylon, Stalker x3  
  159  12:02  Pylon  
  159  12:17  Observer  
  160  12:25  Stalker x3  
  160  12:26  Stalker x4  
  160  12:27  Protoss Ground Weapons Level 2 (Chrono Boost), Stalker x2  
  178  12:36  Blink (Chrono Boost)  
  178  12:38  Warp Prism  
  180  12:49  Shield Battery  
  180  12:51  Shield Battery  
  180  12:54  Photon Cannon  
  180  12:58  Photon Cannon  
  180  13:01  Assimilator  
  180  13:06  Assimilator  
  177  13:14  Observer  
  118  13:26  Stalker x5  
  100  13:27  Stalker  
  100  13:28  Stalker  
  100  13:34  Colossus  
  103  13:42  Stalker x3  
  103  13:48  Stalker x4  
  99  13:49  Stalker x4  
  99  13:50  Stalker x2  
  115  14:01  Stalker x2  
  115  14:02  Stalker  
  121  14:04  Stalker  
  123  14:19  Stalker x4  
  131  14:28  Colossus  
  134  14:39  Sentry x2  
  134  14:40  Stalker x4  
  146  14:52  Stalker x3  
  152  14:55  Zealot  
  95  15:39  Stalker x3  
  95  15:40  Stalker x4  
  95  15:41  Stalker x3  
  113  16:07  Stalker x3  
  113  16:08  Stalker x2  
  123  16:15  Sentry x4  
  131  16:23  Robotics Facility  
  131  16:26  Phoenix  
  131  16:27  Templar Archives  
  131  16:31  Protoss Ground Weapons Level 3 (Chrono Boost)  
  131  16:59  Stalker x4  
  139  17:20  Observer  
  140  17:34  High Templar x2  
  140  17:35  High Templar x5  
  140  17:36  High Templar x4  
  162  17:39  Archon x2  
  162  17:40  Archon x3  
  162  17:41  Psionic Storm, Observer  
  132  18:37  High Templar x2  
  132  18:38  High Templar  
  132  18:40  Stalker  
  136  18:42  Stalker  
  136  18:45  Archon  
  136  18:47  Archon  
  138  18:55  Zealot x3  
  140  18:56  Zealot x2  
  138  19:31  High Templar x3  
  144  19:39  Stalker  
  144  19:40  Stalker  
  148  20:08  Nexus  
  148  20:22  Pylon  
  86  20:55  Stalker  
  86  20:56  Stalker  
  87  21:06  Stalker  
  87  21:07  Stalker x2  
  93  21:17  Archon  
  93  21:37  Immortal (Chrono Boost)  
  97  22:07  High Templar  
  97  22:08  High Templar x2  
  103  22:22  High Templar  
  105  23:03  High Templar  
  99  23:36  Immortal  
  103  24:00  Zealot  
  103  24:01  Zealot x2  
  98  24:37  Stalker  
  98  24:38  Stalker x3  
  90  24:58  Stalker x2  
  94  25:20  Stalker  
  94  25:21  Stalker x2  
  92  25:45  Observer  
  93  26:07  Zealot x4  
  93  26:08  Zealot x4  
  109  26:27  Zealot  
  109  26:28  Zealot x2  
  111  26:39  Zealot x2  
  97  26:54  Zealot x2  
  97  27:21  Assimilator  
  97  27:26  Assimilator  
  97  27:29  Zealot x2  
  97  27:30  Zealot x2  
  93  28:27  Zealot x5  
  95  28:28  Zealot x3  
  95  28:29  Zealot  
  111  28:46  Zealot x3  
  99  29:09  Assimilator  
  93  29:16  Assimilator  
  91  30:09  Dark Shrine  
  91  30:15  Zealot x2  
  91  30:16  Zealot x5  
  91  30:17  Zealot x3  
  90  31:53  Photon Cannon  
  90  31:56  Photon Cannon  
  90  32:21  Dark Templar  
  92  33:03  Zealot  
  92  33:04  Zealot x4  
  92  33:05  Zealot x5  
  108  33:06  Zealot  
  90  33:50  Dark Templar  
  92  34:19  Dark Templar  
  92  35:04  Zealot x3  
  92  35:05  Zealot x5  
  92  35:06  Zealot x4  
  114  35:24  Zealot x3  
  93  36:07  Zealot x5  
  99  36:30  Dark Templar x2  
  81  37:25  Dark Templar  
  75  37:56  Zealot  
  75  37:57  Zealot x4  
  75  37:58  Zealot  
Show
View Real Time Build Order
Export as new Build Order

Katastrophe Zerg - Winner!

Build Orders: Hatch First, Muta Ling Bane 

Get SALT Encoding   

  12  0:09  Overlord  
  12  0:13  Drone  
  13  0:16  Drone  
  14  0:27  Drone  
  15  0:31  Drone  
  16  0:42  Drone  
  17  0:56  Hatchery  
  16  0:57  Drone  
  16  1:03  Extractor  
  17  1:04  Drone  
  17  1:25  Drone  
  17  1:26  Drone  
  17  1:31  Spawning Pool  
  18  1:35  Overlord  
  18  1:46  Drone  
  19  2:11  Overlord  
  19  2:20  Zergling x4, Queen  
  19  2:21  Queen  
  26  2:22  Drone  
  26  2:23  Drone  
  27  2:33  Zergling x2  
  28  2:46  Drone  
  29  2:56  Burrow, Queen  
  31  3:00  Drone x4  
  35  3:16  Hatchery  
  34  3:24  Drone x3, Baneling Nest  
  36  3:48  Drone x4  
  38  3:49  Drone x2  
  42  3:56  Extractor  
  42  3:58  Extractor  
  42  3:59  Extractor, Drone x4  
  43  4:03  Drone  
  43  4:04  Overlord x2  
  44  4:11  Lair  
  44  4:22  Queen  
  46  4:30  Spore Crawler, Drone  
  46  4:31  Spore Crawler, Drone  
  47  4:32  Drone x2  
  47  4:34  Drone x2  
  50  4:40  Queen  
  53  4:52  Drone  
  53  4:53  Drone x2  
  53  4:54  Drone  
  53  4:57  Drone  
  57  5:15  Spire  
  57  5:18  Overseer  
  56  5:23  Drone x2  
  56  5:24  Drone x7  
  56  5:25  Drone  
  66  5:36  Centrifical Hooks  
  66  5:38  Metabolic Boost  
  66  5:42  Evolution Chamber  
  65  5:53  Extractor, Drone x2  
  65  5:54  Extractor, Overlord x2  
  65  5:55  Overlord x2  
  65  5:58  Overseer  
  65  6:07  Drone  
  65  6:11  Overlord x2  
  66  6:13  Drone x3  
  66  6:14  Drone x3  
  66  6:16  Drone x3  
  75  6:28  Spore Crawler  
  75  6:31  Spore Crawler, Mutalisk x2  
  75  6:32  Mutalisk x5  
  83  6:33  Spore Crawler  
  83  6:35  Zerg Melee Weapons Level 1  
  86  7:09  Mutalisk x5  
  96  7:27  Zerg Flyer Weapons Level 1  
  96  7:28  Zergling x4, Mutalisk x2  
  96  7:29  Zergling x12  
  108  8:07  Hatchery  
  107  8:21  Mutalisk x2  
  107  8:22  Zergling x6  
  107  8:24  Overlord x6  
  107  8:26  Overseer x2  
  114  8:49  Mutalisk x5  
  114  8:50  Zergling x8  
  114  8:52  Baneling x2  
  114  8:53  Baneling x8  
  114  8:54  Baneling x6  
  128  8:55  Zerg Melee Weapons Level 2  
  128  8:59  Infestation Pit  
  127  9:04  Overlord x2  
  127  9:06  Overlord x2  
  127  9:29  Zerg Flyer Weapons Level 2  
  127  9:35  Drone x3  
  127  9:36  Drone, Queen  
  127  9:38  Mutalisk x4  
  133  9:39  Zergling x8  
  133  9:43  Baneling x2  
  145  10:08  Mutalisk x4  
  145  10:09  Zergling x12, Mutalisk  
  145  10:10  Zergling x2  
  162  10:18  Mutalisk  
  162  10:19  Zergling x2  
  162  10:20  Overlord x2  
  161  10:37  Pneumatized Carapace  
  161  10:38  Mutalisk x3  
  161  10:39  Zergling x6  
  162  10:59  Mutalisk x3  
  162  11:00  Zergling x10, Mutalisk  
  162  11:01  Zergling x2  
  176  11:21  Drone  
  176  11:22  Drone x4  
  176  11:25  Extractor x2  
  179  12:07  Drone x3  
  182  12:08  Drone x3  
  185  12:17  Baneling x2  
  185  12:18  Baneling x7  
  185  12:19  Baneling x5  
  185  12:36  Mutalisk x2  
  185  12:37  Zergling x8, Mutalisk x3  
  185  12:40  Hive  
  185  12:42  Zerg Flyer Armor Level 1  
  199  12:44  Zerg Ground Armor Level 1  
  198  13:17  Mutalisk x3  
  198  13:18  Zergling x12, Mutalisk x5  
  198  13:19  Zergling x4  
  191  13:57  Zergling x4, Mutalisk x3  
  199  14:39  Hatchery  
  199  14:44  Zerg Flyer Weapons Level 3  
  198  14:51  Ultralisk Cavern  
  197  15:28  Mutalisk x3  
  192  15:29  Zergling x6  
  200  16:12  Extractor  
  200  16:15  Extractor  
  198  17:02  Queen  
  200  17:23  Chitinous Plating  
  200  17:35  Baneling  
  200  17:36  Baneling x8  
  200  17:37  Adrenal Glands, Baneling  
  200  17:56  Zerg Flyer Armor Level 2  
  200  18:07  Hatchery  
  200  18:08  Extractor  
  200  18:09  Extractor  
  185  18:29  Overlord  
  185  18:30  Overlord x3  
  183  18:42  Anabolic Synthesis  
  183  18:49  Ultralisk x2  
  195  19:19  Mutalisk  
  197  20:01  Queen  
  199  20:16  Zerg Flyer Armor Level 3  
  199  20:19  Zerg Melee Weapons Level 3  
  189  21:00  Ultralisk, Mutalisk  
  197  21:51  Hatchery  
  196  22:40  Mutalisk x2  
  200  23:52  Unknown  
  199  24:15  Queen  
  187  24:39  Drone x17  
  187  28:28  Ultralisk x2  
  199  30:42  Hatchery  
  196  31:40  Mutalisk x2  
  196  31:45  Greater Spire  
  200  31:48  Zerg Ground Armor Level 2  
  200  34:38  Overseer x2  
  198  35:35  Drone  
  198  35:38  Queen  
  198  35:58  Hatchery  
  198  36:02  Hatchery, Drone x14  
  196  36:47  Hatchery  
  195  37:22  Hatchery  
Tags
 
Composition
Muta Ling Bane
League
GoldGold
Matchup
PvZ
Replay Pack
20200422
Spawn Locations
Cross Positions
Add a new tag
Caveats
  • Supply blocks, unpowered buildings, or Contaminate may cause inaccurate times.
  • Supply counts are checked every 10 seconds.